 Dungeon Crawl Stone Soup version 0.29-a0-330-g52719c12eb (webtiles) character file.

Game seed: 2142829348800696990

56 kae the Firebug (level 3, -3/27 HPs)
             Began as a Demigod Fire Elementalist on May 31, 2022.
             Slain by a gnoll
             ... wielding a +4 halberd
              (12 damage)
             ... on level 2 of the Dungeon.
             The game lasted 00:01:21 (2412 turns).

kae the Firebug (Demigod Fire Elementalist)         Turns: 2412, Time: 00:01:22

Health: -3/27      AC:  3    Str:  9    XL:     3   Next: 47%
Magic:  4/8        EV: 12    Int: 21    God:
Gold:   70         SH:  0    Dex: 14    Spells: 0/6 levels left

rFire   . . .      SeeInvis .   n - +0 hand axe (pain)
rCold   . . .      Faith    .   (no shield)
rNeg    . . .      Spirit   .   a - +0 robe
rPois   +          Reflect  .   f - +0 helmet
rElec   .          Harm     .   (no cloak)
rCorr   .          Rampage  .   (no gloves)
Will    .....                   (no boots)
Stlth   ++........              (no amulet)
HPRegen 0.09/turn               m - ring of poison resistance
MPRegen 0.11/turn               (no ring)

@: very slightly contaminated
A: high MP 1, forlorn, divine attributes
a: no special abilities


You were on level 2 of the Dungeon.
You visited 1 branch of the dungeon, and saw 2 of its levels.

You collected 70 gold pieces.

Inventory:

Hand Weapons
 n - a +0 hand axe of pain (weapon)
Missiles
 i - a throwing net
Armour
 a - a +0 robe (worn)
 f - a +0 helmet (worn)
Jewellery
 m - a ring of poison resistance (left hand)
Potions
 b - a potion of magic
 d - 2 potions of flight
 e - 2 potions of brilliance
 g - a potion of haste
 j - 2 potions of curing {unknown}
 k - a potion of lignification {unknown}
 l - 3 potions of cancellation {unknown}


   Skills:
 + Level 0.7 Fighting
 + Level 2.1 Dodging
 - Level 1.7 Stealth
 + Level 2.1 Spellcasting
 * Level 1.7 Conjurations
 * Level 3.2 Fire Magic


You couldn't memorise any spells.
You knew the following spells:

 Your Spells              Type           Power      Damage    Failure   Level
a - Foxfire               Conj/Fire      48%        2x1d6     5%          1
b - Scorch                Fire           32%        2d6       6%          2
c - Conjure Flame         Conj/Fire      12%        6-21      16%         3

Your spell library contained the following spells:

 Spells                   Type           Power      Damage    Failure   Level
 Sting                    Tmut/Pois      8%         1d3       14%         1
 Poisonous Vapours        Pois/Air       4%         N/A       22%         2
 Inner Flame              Hex/Fire       9%         N/A       22%         3
 Flame Wave               Conj/Fire      12%        2d6       45%         4
 Olgreb's Toxic Radiance  Pois           2%         N/A       82%         4
 Irradiate                Conj/Tmut      2%         3d14      95%         5
 Blade Hands              Tmut           1%         N/A       99%         5
 Dragon Form              Tmut           1%         N/A       100%        7


Dungeon Overview and Level Annotations

Branches:
Dungeon (2/15)


Innate Abilities, Weirdness & Mutations

You have an increased reservoir of magic. (+10% MP)
You shall have no god before yourself.
Your divine heritage dramatically boosts your attributes as you level up.


Message History

You conjure some foxfire!
The bat misses you.
The foxfire hits the bat.
You kill the bat!
Your foxfire dissipates!
Key pressed, stopping explore.
Casting: Foxfire (safe; 5% risk of failure)
Confirm with . or Enter, or press ? or * to list all spells.
You conjure some foxfire!
Your foxfire dissipates! x2
Found a chain mail.
As you read the scroll of identify, it crumbles to dust.
e - 2 potions of brilliance
As you read the scroll of identify, it crumbles to dust.
g - a potion of haste You see here a +0 chain mail. 4 gnolls come into view.
Found a scroll labelled UTSAACK YNENT.
The gnoll shouts! x3
Okay, then.
You see here a +0 chain mail.
You aren't carrying any items that you can evoke.
Okay, then.
You aren't carrying any scrolls.
Unknown command.
A frilled lizard comes into view.
Casting: Foxfire (safe; 5% risk of failure)
Confirm with . or Enter, or press ? or * to list all spells.
Flames lash the gnoll.
The gnoll is heavily wounded.
The gnoll's fire resistance burns away.
The gnoll hits you from afar with a +4 halberd!!
Ouch! That really hurt!
The gnoll closely misses you.
Casting: Scorch (safe; 6% risk of failure)
Confirm with . or Enter, or press ? or * to list all spells.
You miscast Scorch.
You are very lightly contaminated with residual magic.
Nothing appears to happen.
The gnoll hits you from afar with a +4 halberd!
You die...

<.######.......#.#.#.#.#.###.#..#
#.# #.......####.###.#.####.##
.... ##....[..##.⌠.###.8.##.##
..#.# ##...#.#.##.#.###.##..# ..#
# ##.##.....#.....#....# ..#
#.####.#...###.....## ..
#.........## #..##.# ..#
#.####.#### #.###.# #.####@# #.#
#.# #).....# #.# #.# #._...g# #.#
#.# .....###.## #.# #.# ######
#.# #.# #.# #.# #.# #.# #.#
##.###.# #.# ##...##.# ##.##
##.....#.#


You could see a gnoll (combustible).

Vanquished Creatures
  An adder (D:2)
  4 dart slugs
  2 endoplasms (D:1)
  3 giant cockroaches (D:1)
  4 goblins
  2 hobgoblins (D:1)
  2 quokkas (D:1)
  6 ball pythons
  5 bats
  4 frilled lizards (D:1)
  3 kobolds
  2 rats (D:1)
38 creatures vanquished.

Vanquished Creatures (others)
  146 foxfires
146 creatures vanquished.

Grand Total: 184 creatures vanquished

Notes
Turn   | Place    | Note
-------+----------+-------------------------------------------
     0 | D:1      | kae the Demigod Fire Elementalist began the quest for the
                  | Orb.
     0 | D:1      | Reached XP level 1. HP: 14/14 MP: 5/5
   208 | D:1      | Reached skill level 1 in Conjurations
   416 | D:1      | Reached XP level 2. HP: 22/22 MP: 2/7
   559 | D:1      | Reached skill level 3 in Fire Magic
  1174 | D:1      | Reached XP level 3. HP: 27/27 MP: 3/8
  1900 | D:2      | Learned a level 2 spell: Scorch
  1935 | D:2      | Learned a level 3 spell: Conjure Flame
  2412 | D:2      | Slain by a gnoll

Illustrated notes

Levels and vault maps discovered:
D:1:      dpeg_arrival_circle_labyrinth_c, layout_loops_ring, grunt_decor_cap,
          chequers_serial_rivers_micro_e
D:2:      layout_loops_ring, basic_ecumenical_altar, grunt_decor_mini_mirrors

Skill      XL: |  1  2 |
---------------+-------+-----
Conjurations   | 1 |  1.7
Fire Magic     | 3 |  3.2
Dodging        | 2 |  2.1
Spellcasting   | 2 |  2.1
Fighting       | |  0.7
Stealth        | |  1.7

Action                   || total
-------------------------++-------
Melee: Unarmed           ||     6
 Cast: Foxfire           ||    88
       Scorch            ||     2
  Use: Scroll            ||     7
Armor: Robe              ||    13
Dodge: Dodged            ||    35

Table legend: (Time is in decaauts)
 A = Elapsed time spent in this place.
 B = Non-inter-level travel time spent in this place.
 C = Inter-level travel time spent in this place.
 D = Time resting spent in this place.
 E = Time spent auto-exploring this place.
 F = Levels seen in this place.
 G = Mean time per level.
                   A        B        C        D        E       F      G
               +--------+--------+--------+--------+--------+-----+--------+
         Total |   2411 |   2330 |     81 |    112 |   1861 |   2 | 1205.5 |
       Dungeon |   2411 |   2330 |     81 |    112 |   1861 |   2 | 1205.5 |
               +--------+--------+--------+--------+--------+-----+--------+

Top non-repeatable levels by time:
     D:1: 1617 daAuts
     D:2: 794 daAuts
